 Dungeon Crawl Stone Soup version 0.31-a0-208-gdb31a4691d (webtiles) character file.

Game seed: 6071070633758666409

179 lunkers the Slasher (level 6, -3/50 HPs)
             Began as a Meteoran Wanderer on June 28, 2023.
             Was an Initiate of Ashenzari.
             Slain by a gnoll
             ... wielding a +0 whip
              (5 damage)
             ... on level 2 of the Dungeon.
             The game lasted 00:06:33 (1374 turns).

lunkers the Slasher (Meteoran Wanderer)             Turns: 1374, Time: 00:06:33

Health: -3/50      AC:  5    Str: 18    XL:     6   Next: 14%
Magic:  9/9        EV: 11    Int: 12    God:    Ashenzari [......]
Gold:   136        SH:  3    Dex: 13    Spells: 7/8 levels left

rFire   . . .        a - +1 long sword
rCold   . . .        d - +0 buckler
rNeg    . . .        c - +0 leather armour
rPois   .            (no helmet)
rElec   .            e - +0 cloak "Eternal With Me" {Range, Self} (curse)
rCorr   .            (no gloves)
SInv    .            f - +0 pair of boots
Will    .....        (no amulet)
Stlth   +            (no ring)
HPRegen 0.28/turn    (no ring)
MPRegen 0.11/turn

%: no passive effects
@: glowing
A: sense surroundings 1, otherworldly, glowing, explore regen
a: Renounce Religion, Shatter the Chains


You were on level 2 of the Dungeon.
You worshipped Ashenzari.
Ashenzari was noncommittal.
You visited 1 branch of the dungeon, and saw 4 of its levels.

You collected 136 gold pieces.

Inventory:

Hand Weapons
 a - a +1 long sword (weapon)
Armour
 c - a +0 leather armour (worn)
 d - a +0 buckler (worn)
 e - the cursed +0 cloak "Eternal With Me" (worn) {Range, Self}
   (You found it on level 1 of the Dungeon)

   It has a curse which improves the following skills: Ranged Combat: Ranged
   Weapons and Throwing.
   Introspection: Fighting and Spellcasting.
 f - a +0 pair of boots (worn)
 s - an orb of guile
Wands
 o - a wand of digging (6)
Scrolls
 b - 2 scrolls of fear
 n - a scroll of immolation
Potions
 g - 2 potions of berserk rage
 i - 3 potions of mutation
 j - a potion of curing
 l - a potion of haste {unknown}
 m - 3 potions of brilliance
 q - a potion of heal wounds {unknown}
 t - a potion of invisibility {unknown}


   Skills:
 - Level 2.1(2.5) Fighting
 + Level 6.8 Long Blades
 - Level 2.4 Armour
 - Level 1.2 Dodging
 - Level 1.3(1.6) Spellcasting
 - Level 1.2 Fire Magic
 - Level 1.2 Evocations


You had 7 spell levels left.
You knew the following spells:

 Your Spells              Type           Power      Damage    Failure   Level
p - Foxfire               Conj/Fire      8%         2x1d4     34%         1

Your spell library contained the following spells:

 Spells                   Type           Power      Damage    Failure   Level
 Ensorcelled Hibernation  Hex/Ice        0%         N/A       56%         2
 Passwall                 Tmut/Erth      0%         N/A       56%         2
 Volatile Blastmotes      Fire/Tloc      4%         2d10      71%         3
 Swiftness                Air            0%         N/A       80%         3


Dungeon Overview and Level Annotations

Branches:
Dungeon (4/15) Zot: 1000
 Temple: D:4-7

Altars:
Ashenzari
Okawaru


Innate Abilities, Weirdness & Mutations

You passively map a small area around you.
You are easily found by Zot.
You glow in the dark.
You regain HP and MP as you explore.


Message History

As you read the scroll of identify, it crumbles to dust.
m - 3 potions of brilliance Your surroundings suddenly seem different.
As you read the scroll of identify, it crumbles to dust.
j - a potion of curing You drop a +0 cloak.
You drop 2 potions of degeneration.
The gnoll hits you with a +0 spear.
You barely miss the gnoll.
The gnoll hits you from afar with a +0 halberd.
The gnoll hits you with a +0 spear.
You closely miss the gnoll.
The gnoll hits you from afar with a +0 halberd!
* * * LOW HITPOINT WARNING * * *
The gnoll closely misses you.
The gnoll shouts!
The gnoll hits you with a +0 halberd!
* * * LOW HITPOINT WARNING * * *
You block the gnoll's attack.
You slash the gnoll!
The gnoll is severely wounded.
The gnoll barely misses you. The gnoll misses you.
You barely miss the gnoll.
The gnoll is severely wounded.
The gnoll barely misses you. The gnoll closely misses you.
You barely miss the gnoll.
The gnoll is severely wounded.
The gnoll hits you with a +0 halberd!
* * * LOW HITPOINT WARNING * * *
The gnoll hits you with a +0 spear.
* * * LOW HITPOINT WARNING * * *
The gnoll shouts!
You hit the gnoll.
The gnoll is almost dead.
You hear an angry hiss.
The gnoll barely misses you. x2
You hit the gnoll.
You kill the gnoll!
The gnoll hits you but does no damage. The gnoll hits you with a +0 whip.
You die...

♣.♣♣ #.........# ,
,#.### ♣♣.♣
####......#,* #.#,,
♣.♣♣ #.........# *
#.### ♣♣.♣
#####.g...#, #....
##)##
#####...#.#######.###
#...#
#..............g#.#..
#...#
#...............#.#.#
#..)#
#...g...........#.#.#
#####
#..g@)......_...#†###
#...............#....
##..!............#####
#..........#.....g.#*
#.........##...g.#g...
#.........########....
#####.##### * g.. #<.#
##### * ..g #..# #...#
,,..


You could see 3 gnolls.

Vanquished Creatures
  A phantom (D:4)
  Crazy Yiuf (D:2)
  2 adders
  A gnoll (D:2)
  2 dart slugs
  2 orcs
  5 ball pythons
  2 bats (D:1)
  3 endoplasms
  3 giant cockroaches
  4 goblins
  10 hobgoblins
  3 quokkas
  4 frilled lizards
  3 kobolds
  3 rats
49 creatures vanquished.

Vanquished Creatures (others)
  61 foxfires
61 creatures vanquished.

Grand Total: 110 creatures vanquished

Notes
Turn   | Place    | Note
-------+----------+-------------------------------------------
     0 | D:1      | lunkers the Meteoran Wanderer began the quest for the Orb.
     0 | D:1      | lunkers set off with the following items: a +1 long sword,
                  | a scroll of fear, a +0 leather armour; and the following
                  | spell memorised: Foxfire; and the following spells
                  | available to memorise: Volatile Blastmotes.
     0 | D:1      | Reached XP level 1. HP: 17/17 MP: 3/3
    54 | D:1      | Reached skill level 3 in Long Blades
    54 | D:1      | Reached XP level 2. HP: 13/24 MP: 5/5
   183 | D:1      | Reached XP level 3. HP: 16/29 MP: 2/6
   248 | D:1      | Reached skill level 4 in Long Blades
   321 | D:1      | Found a faded altar of an unknown god.
   486 | D:1      | Glimpsed the power of Zot.
   540 | D:2      | You fall into a shaft and drop 2 floors!
   581 | D:4      | Found a broken altar of Ashenzari.
   589 | D:4      | Became a worshipper of Ashenzari the Shackled
   621 | D:4      | Noticed a phantom
   630 | D:4      | Killed a phantom
   631 | D:4      | Reached skill level 5 in Long Blades
   631 | D:4      | Reached XP level 4. HP: 35/36 MP: 2/7
   631 | D:4      | Reached XP level 5. HP: 40/41 MP: 2/8
   663 | D:4      | Reached skill level 6 in Long Blades
   924 | D:2      | Found a runed translucent door.
   925 | D:2      | Noticed Crazy Yiuf
   935 | D:2      | Killed Crazy Yiuf
   936 | D:2      | Reached XP level 6. HP: 4/50 MP: 9/9
   950 | D:2      | Upgraded the game from 0.31-a0-204-g7da18cac08 to
                  | 0.31-a0-208-gdb31a4691d
   976 | D:2      | Found an iron altar of Okawaru.
  1372 | D:2      | HP: 1/50 [gnoll/+0 spear (5)]
  1374 | D:2      | Slain by a gnoll

Illustrated notes

Levels and vault maps discovered:
D:1:      minmay_arrival_glassed_features, layout_basic,
          chequers_ecumenical_altar_twisty, minmay_tromino_v2
D:2:      mumra_celtic_spiral_tile, layout_basic, basic_altar, minmay_mini_jars,
          uniq_crazy_yiuf_cottage
D:3:      minmay_bubble_buster, layout_basic, vehumet_altar_wand_db,
          hangedman_abyss_or_decor_lesser_grid, uniq_jessica
D:4:      layout_gridville, mainiacjoe_overflow_paths,
          mainiacjoe_overflow_alcove_1, marbit_many_paths, dk_vineyard_1,
          kennysheep_generic_room_8

Skill      XL: |  1  2  3  4  5 |
---------------+----------------+-----
Long Blades    | 3 5 6 |  6.8
Fighting       | |  2.1
Armour         | |  2.4
Dodging        | |  1.2
Spellcasting   | |  1.3
Fire Magic     | |  1.2
Evocations     | |  1.2

Action                     |  1- 3 |  4- 6 || total
---------------------------+-------+-------++-------
  Melee: Long sword        |    57 |    73 ||   130
   Cast: Foxfire           |    23 |    14 ||    37
 Invoke: Curse Item        |       |     1 ||     1
    Use: Scroll            |       |     8 ||     8
 Armour: Leather armour    |    22 |    22 ||    44
  Dodge: Dodged            |    31 |    36 ||    67
  Block: Buckler           |    10 |     9 ||    19

Table legend: (Time is in decaauts)
 A = Elapsed time spent in this place.
 B = Non-inter-level travel time spent in this place.
 C = Inter-level travel time spent in this place.
 D = Time resting spent in this place.
 E = Time spent auto-exploring this place.
 F = Levels seen in this place.
 G = Mean time per level.
                   A        B        C        D        E       F      G
               +--------+--------+--------+--------+--------+-----+--------+
         Total |   1397 |   1318 |     79 |      0 |    842 |   4 |  349.2 |
       Dungeon |   1397 |   1318 |     79 |      0 |    842 |   4 |  349.2 |
               +--------+--------+--------+--------+--------+-----+--------+

Top non-repeatable levels by time:
     D:1: 550 daAuts
     D:2: 529 daAuts
     D:4: 208 daAuts
     D:3: 109 daAuts
